 Dungeon Crawl Stone Soup version 0.23.2-1-ga50397a (webtiles) character file.

Game seed: 6475978298220549788

117 Wander the Poker (level 5, -4/41 HPs)
             Began as a Human Wanderer on Apr 30, 2019.
             Killed by divine providence
             ... invoked by an orc priest
              (14 damage)
             ... on level 3 of the Dungeon.
             The game lasted 00:07:34 (3154 turns).

Wander the Poker (Human Wanderer)                   Turns: 3154, Time: 00:07:35

Health: -4/41      AC:  3    Str: 10    XL:     5   Next: 22%
Magic:  5/5        EV: 15    Int: 11    God:
Gold:   95         SH:  0    Dex: 17    Spells: 4/4 levels left

rFire    . . .     SeeInvis .   b - +0 hunting sling (flame)
rCold    . . .     Gourm    .   (no shield)
rNeg     . . .     Faith    .   n - +0 leather armour
rPois    .         Spirit   .   (no helmet)
rElec    .         Reflect  .   (no cloak)
rCorr    .         Harm     .   (no gloves)
MR       .....                  (no boots)
Stlth    +++.......             (no amulet)
HPRegen  0.13/turn              q - ring of stealth
MPRegen  0.09/turn              k - +4 ring of evasion (curse)

@: no status effects
A: no striking features
a: no special abilities


You were on level 3 of the Dungeon.
You were not hungry.

You visited 1 branch of the dungeon, and saw 3 of its levels.

You collected 95 gold pieces.

Inventory:

Hand Weapons
 a - a +0 spear
 b - a +0 hunting sling of flaming (weapon)
Missiles
 p - 88 stones (quivered)
Armour
 e - a +0 robe
 n - a +0 leather armour (worn)
Jewellery
 j - an uncursed ring of magical power
 k - a cursed +4 ring of evasion (right hand)
 q - a ring of stealth (left hand)
Scrolls
 d - a scroll of blinking
 h - a scroll of noise {unknown}
 i - a scroll of identify {unknown}
 l - a scroll of fear
 o - a scroll of remove curse {unknown}
Potions
 c - 4 potions of curing
 g - 2 potions of brilliance {unknown}
 m - a potion of invisibility {unknown}
Comestibles
 f - 6 rations
 r - 2 chunks of flesh


   Skills:
 - Level 3.4 Fighting
 - Level 4.0 Polearms
 + Level 1.6 Slings
 + Level 1.4 Dodging
 - Level 1.0 Stealth
   Level 1.0 Shields
 - Level 1.0 Unarmed Combat
   Level 1.0 Evocations


You had 4 spell levels left.
You didn't know any spells.
Your spell library was empty.

Dungeon Overview and Level Annotations

Branches:
Dungeon (3/15)

Altars:


Message History

The orc barely misses you. The orc misses you.
Firing (i - inventory)
p - 90 stones (quivered)
Press: ? - help, Shift-Dir - straight line, f/p - orc priest
Aim: an orc priest, wielding a +0 morningstar (severely wounded)
You shoot a stone. The stone barely misses the orc priest.
The orc priest completely misses you. The orc misses you.
The orc hits you with a +0 mace.
Firing (i - inventory)
p - 89 stones (quivered)
Press: ? - help, Shift-Dir - straight line, f/p - orc priest
Aim: an orc priest, wielding a +0 morningstar (severely wounded)
You shoot a stone.
The stone hits the orc priest but does no damage.
The orc priest is severely wounded.
The orc hits you.
The orc priest hits you with a +0 morningstar!
* * * LOW HITPOINT WARNING * * *
The orc closely misses you.
The orc priest mumbles some strange prayers to Beogh against you.
Beogh smites you!
You die...

)..####### ## .<.......####
..## ............####....
......)...)......##.#####...
...............####.....>...
..................#.......#.
...#...######...............
#.....######......#.......##
#...........†...@..........#
###.....#####.....ooo.......
.....................((....(
###....................((...
#.......#####...........(..(
#..# #............(.. ...#
###...#......[#( ..(#
#...#.......# ...#
#...##...((##


You could see an orc priest and 2 orcs.

Vanquished Creatures
  An orc wizard (D:3)
  An adder (D:2)
  2 oozes
  2 worms (D:2)
  A dart slug (D:2)
  2 leopard geckos (D:1)
  6 orcs
  7 bats
  2 giant cockroaches (D:2)
  4 goblins
  8 hobgoblins
  3 jackals (D:2)
  2 quokkas
  A ball python (D:2)
  4 frilled lizards
  5 kobolds
  5 rats
56 creatures vanquished.

Notes
Turn   | Place    | Note
-------+----------+-------------------------------------------
     0 | D:1      | Wander the Human Wanderer began the quest for the Orb.
     0 | D:1      | Wander set off with the following items: a +0 spear, a
                  | scroll of fear, a potion of curing, a scroll of blinking, a
                  | +0 robe, a ration
     0 | D:1      | Reached XP level 1. HP: 18/18 MP: 1/1
   113 | D:1      | Reached XP level 2. HP: 21/24 MP: 2/2
   657 | D:1      | Reached XP level 3. HP: 28/29 MP: 3/3
  1069 | D:2      | Reached skill level 3 in Polearms
  1506 | D:2      | Reached XP level 4. HP: 32/35 MP: 4/4
  2994 | D:3      | Reached skill level 4 in Polearms
  2994 | D:3      | Reached skill level 1 in Slings
  2994 | D:3      | Reached XP level 5. HP: 27/41 MP: 5/5
  3154 | D:3      | Killed from afar by an orc priest

Skill      XL: |  1  2  3  4 |
---------------+-------------+-----
Polearms       | 3 4 |  4.0
Slings         | 1 |  1.6
Fighting       | |  3.4
Dodging        | |  1.4
Stealth        | |  1.0
Shields        | |  1.0
Unarmed Combat | |  1.0
Evocations     | |  1.0

Action                   |  1- 3 |  4- 6 || total
-------------------------+-------+-------++-------
Melee: Spear             |   181 |    53 ||   234
       Hunting sling     |       |     1 ||     1
       Punch             |       |     1 ||     1
 Fire: Hunting sling     |       |    95 ||    95
 Stab: Sleeping          |     6 |     3 ||     9
  Eat: Chunk             |     2 |     2 ||     4
       Ration            |       |     1 ||     1
Armor: Robe              |    18 |     1 ||    19
       Leather armour    |       |    14 ||    14
Dodge: Dodged            |    77 |    81 ||   158
